 Dungeon Crawl Stone Soup version 0.24.0-1-gfbc8707 (webtiles) character file.

Game seed: 8897792852224421167, levelgen mode: deterministic

3874 Buxparty the Ducker (level 10, -3/90 HPs)
             Began as a Deep Dwarf Hunter on Dec 27, 2019.
             Was a Believer of Makhleb.
             Killed from afar by Erolcha (13 damage)
             ... with an orb of energy
             ... while paralysed by Erolcha
             ... on level 9 of the Dungeon.
             The game lasted 00:26:48 (5538 turns).

Buxparty the Ducker (Deep Dwarf Hunter)             Turns: 5538, Time: 00:26:49

Health: -3/90      AC:  3    Str: 16    XL:     10   Next: 0%
Magic:  3/3        EV:  2    Int: 12    God:    Makhleb [**....]
Gold:   393        SH:  0    Dex: 24    Spells: 9/9 levels left

rFire    . . .     SeeInvis .   D - +4 quarterstaff "Wufiev" {crush, Dex+8}
rCold    . . .     Gourm    .   (shield currently unavailable)
rNeg     . . .     Faith    +   c - +0 leather armour
rPois    .         Spirit   .   (no helmet)
rElec    .         Reflect  .   (no cloak)
rCorr    .         Harm     .   (no gloves)
MR       +....                  (no boots)
Stlth    ++++......             r - amulet of faith
HPRegen  0.00/turn              z - +2 ring of evasion
MPRegen  0.08/turn              x - ring of stealth

@: paralysed, non-regenerating
A: damage resistance, heal wounds, sense surroundings 2, no regeneration
a: Heal Wounds, Minor Destruction, Renounce Religion


You were on level 9 of the Dungeon.
You worshipped Makhleb.
Makhleb was pleased with you.
You were very hungry.

You visited 2 branches of the dungeon, and saw 11 of its levels.

You collected 393 gold pieces.

Inventory:

Hand Weapons
 a - a +1 hand crossbow
 D - the +4 quarterstaff "Wufiev" (weapon) {crush, Dex+8}
   (You found it on level 5 of the Dungeon)

   It inflicts extra damage upon your enemies.
   It affects your dexterity (+8).
Missiles
 d - 28 bolts
 F - 2 silver javelins (quivered)
Armour
 c - a +0 leather armour (worn)
 I - a cursed +0 cloak
Jewellery
 e - an uncursed ring of protection from magic
 h - an uncursed ring of positive energy
 i - an uncursed amulet of the gourmand {unknown}
 k - an uncursed amulet of rage
 n - an uncursed ring of magical power
 r - an amulet of faith (around neck)
 x - a ring of stealth (right hand)
 z - a +2 ring of evasion (left hand)
 A - an uncursed ring of magical power
Wands
 p - a wand of flame (22)
 q - a wand of polymorph (7)
Scrolls
 b - a scroll of amnesia
 j - a scroll of random uselessness
 m - 5 scrolls of remove curse
 s - 2 scrolls of identify
 t - 3 scrolls of teleportation
 v - a scroll of acquirement {unknown}
 E - 2 scrolls of immolation
 H - a scroll of fog {unknown}
Potions
 g - 3 potions of flight
 l - 2 potions of lignification
 o - a potion of ambrosia {unknown}
 w - a potion of heal wounds {unknown}
 B - a potion of agility {unknown}
 G - 2 potions of resistance
 J - a potion of mutation {unknown}
Comestibles
 f - 9 rations


   Skills:
 + Level 5.6 Fighting
   Level 4.1 Short Blades
   Level 3.1(5.3) Maces & Flails
 + Level 6.1(6.4) Staves
 + Level 6.1 Crossbows
 - Level 4.5 Armour
 + Level 7.6 Dodging
 + Level 4.4 Stealth


You had 9 spell levels left.
You didn't know any spells.
Your spell library was empty.

Dungeon Overview and Level Annotations

Branches:
Dungeon (10/15)            Temple (1/1) D:6
   Lair: D:8-11         Orc: D:9-12

Altars:
Ashenzari
Cheibriados
Dithmenos
Kikubaaqudgha
Makhleb
Nemelex Xobeh
Okawaru
Qazlal
Ru
Sif Muna
Trog
Uskayaw
Vehumet
Wu Jian
Xom
Yredelemnul
Zin
The Shining One

Annotations:
D:9 Erolcha


Innate Abilities, Weirdness & Mutations

You are resistant to damage.
You can heal yourself by infusing magical energy.
You passively map the area around you.
You do not regenerate.


Message History

You hit Erolcha.
Erolcha is almost dead.
The orc warrior throws a boomerang.
The boomerang barely misses you.
The weapon returns to the orc warrior!
You hit Erolcha.
Erolcha is almost dead.
Erolcha mumbles some strange words.
Erolcha blinks!
Erolcha points at you and mumbles some strange words.
You suddenly lose the ability to move!
The orc warrior throws a boomerang.
The boomerang hits you!
* * * LOW HITPOINT WARNING * * *
The weapon returns to the orc warrior!
Erolcha gestures wildly while chanting.
Erolcha blinks!
The orc warrior throws a boomerang.
The boomerang hits you!
* * * LOW HITPOINT WARNING * * *
The weapon returns to the orc warrior!
Erolcha gestures at you while chanting. The orb of energy hits you!
You die...

.... * #.O# ...#* * *
##J# ...# #.# #.## ...#
#.# #..# ...# #.# #..#
...#######.# #..#
.........o.########..#
...............ยง.....#
............o...@....#
.....................#
....[..(##'##..#####.#
........'...#..# #.#
....[...#...#..# #.#
#####)..#...#O.# #.# #
#.).#...#..# #.# #
#(..#####..#####.# #
#................#


You could see Erolcha, an orc warrior and an orc (wandering).

Vanquished Creatures
  Nergalle (D:10)
  A shadow (D:9)
  A hungry ghost (D:10)
  Grum (D:9)
  Menkaure (D:4)
  An ice beast (D:7)
  A sky beast (D:8)
  An ogre (D:4)
  2 phantoms
  4 wolves (D:9)
  2 centaurs
  3 bullfrogs
  3 scorpions
  7 wights
  3 howler monkeys
  4 crimson imps
  3 jellies
  A quasit (D:5)
  A bullfrog zombie (D:10)
  A centaur skeleton (D:9)
  An orc priest (D:9)
  4 hounds
  4 iguanas
  5 orc wizards
  2 bullfrog skeletons
  Terence (D:2)
  4 worker ants
  9 gnolls
  5 adders
  A shadow imp (D:5)
  3 oozes
  An adder skeleton (D:4)
  A worm (D:5)
  2 dart slugs (D:3)
  4 leopard geckos
  11 orcs
  A bat zombie (D:3)
  7 giant cockroaches
  6 goblins
  4 hobgoblins
  14 jackals
  2 quokkas
  3 ball pythons
  5 bats
  5 frilled lizards
  4 kobolds
  A leopard gecko skeleton (D:4)
  6 rats
158 creatures vanquished.

Notes
Turn   | Place    | Note
-------+----------+-------------------------------------------
     0 | D:1      | Buxparty the Deep Dwarf Hunter began the quest for the Orb.
     0 | D:1      | Reached XP level 1. HP: 19/19 MP: 1/1
    69 | D:1      | Reached XP level 2. HP: 26/26 MP: 2/2
   117 | D:1      | Found a glowing golden altar of the Shining One.
   307 | D:1      | Reached skill level 5 in Crossbows
   317 | D:1      | Reached XP level 3. HP: 23/32 MP: 3/3
   919 | D:2      | Noticed Terence
   943 | D:2      | Killed Terence
   943 | D:2      | Reached skill level 1 in Short Blades
   943 | D:2      | Reached XP level 4. HP: 19/39 MP: 1/4
  1179 | D:2      | Found an ornate altar of the Wu Jian Council.
  1252 | D:2      | Reached skill level 1 in Armour
  1621 | D:3      | Reached skill level 3 in Dodging
  1710 | D:3      | Reached XP level 5. HP: 35/46 MP: 1/5
  1948 | D:3      | Reached skill level 1 in Maces & Flails
  2065 | D:3      | Noticed a centaur
  2078 | D:3      | Killed a centaur
  2078 | D:3      | Reached XP level 6. HP: 37/55 MP: 6/6
  2263 | D:3      | Found an ancient bone altar of Kikubaaqudgha.
  2496 | D:4      | Noticed Menkaure
  2509 | D:4      | Killed Menkaure
  2509 | D:4      | Reached skill level 4 in Dodging
  2509 | D:4      | Reached XP level 7. HP: 15/62 MP: 6/6
  2696 | D:4      | Found a glowing silver altar of Zin.
  2700 | D:4      | Noticed an angel
  2708 | D:4      | Found a shimmering altar of Xom.
  3109 | D:4      | Reached skill level 5 in Dodging
  3122 | D:5      | Entered Level 5 of the Dungeon
  3146 | D:5      | Reached XP level 8. HP: 72/72 MP: 5/5
  3168 | D:5      | Found a hide-covered altar of Uskayaw.
  3699 | D:5      | Got an ichor-stained quarterstaff
  3700 | D:5      | Identified the +4 quarterstaff "Wufiev" {crush, Dex+8} (You
                  | found it on level 5 of the Dungeon)
  4090 | D:6      | Found a staircase to the Ecumenical Temple.
  4110 | Temple   | Entered the Ecumenical Temple
  4171 | Temple   | Became a worshipper of Makhleb the Destroyer
  4716 | D:7      | Reached skill level 1 in Staves
  4900 | D:7      | You fall into a shaft and drop 3 floors!
  4900 | D:10     | Entered Level 10 of the Dungeon
  4901 | D:10     | Noticed Nergalle
  4926 | D:10     | Noticed a spectral orc knight
  4926 | D:10     | Noticed a spectral orc knight
  4938 | D:10     | Killed Nergalle
  4938 | D:10     | Reached skill level 6 in Dodging
  4938 | D:10     | Gained mutation: You passively map the area around you.
                  | [Deep Dwarf growth]
  4938 | D:10     | Reached XP level 9. HP: 44/79 MP: 5/5
  5048 | D:9      | Reached * piety under Makhleb
  5232 | D:9      | Reached skill level 5 in Fighting
  5285 | D:9      | Reached skill level 5 in Staves
  5309 | D:9      | Reached skill level 7 in Dodging
  5321 | D:8      | Reached ** piety under Makhleb
  5367 | D:9      | Noticed Grum
  5416 | D:9      | Killed Grum
  5499 | D:9      | Noticed Erolcha
  5519 | D:9      | Paralysed by Erolcha for 3 turns
  5525 | D:9      | Reached XP level 10. HP: 52/90 MP: 3/3
  5536 | D:9      | Paralysed by Erolcha for 5 turns
  5538 | D:9      | Killed from afar by Erolcha

Levels and vault maps discovered:
D:1:      minmay_arrival_checkered_box, layout_loops_ring,
          corexii_hall_statues_l, tso_metal_star
D:2:      layout_loops_corners, lemuel_doored_altar, first_ration,
          skrybe_limestone_x, uniq_terence
D:3:      layout_loops_ring, lemuel_zombie_altar_kikubaaqudgha,
          kennysheep_generic_room_4
D:4:      layout_rooms, grunt_temple_overflow_order_and_chaos_1, uniq_menkaure
D:5:      layout_basic, kennysheep_little_box
D:6:      layout_basic, minmay_temple_entry_ruins
D:7:      layout_gridville, lemuel_round_altar, old_standard_altar, uniq_pikel
D:8:      layout_rooms, lemuel_round_altar, overflow_temple_1_default,
          david_lair_generic, david_nohive_1, uniq_prince_ribbit1, uniq_joseph
D:9:      layout_irregular_city, uniq_erolcha, uniq_grum
D:10:     layout_irregular_city, uniq_nergalle
Temple:   dshaligram_water_room_temple

Skill      XL: |  1  2  3  4  5  6  7  8  9 |
---------------+----------------------------+-----
Fighting       | 2 3 4 5 |  5.6
Crossbows      | 5 6 |  6.1
Short Blades   | 1 3 4 |  4.1
Armour         | 1 2 3 4 |  4.5
Dodging        | 3 4 5 6 7 |  7.6
Maces & Flails | 2 3 |  3.1
Stealth        | 4 |  4.4
Staves         | 3 6 |  6.1

Action                   |  1- 3 |  4- 6 |  7- 9 | 10-12 || total
-------------------------+-------+-------+-------+-------++-------
Melee: Short sword       |    30 |    38 |   159 |       ||   227
       Flail             |       |    96 |       |       ||    96
       Quarterstaff      |       |       |   225 |     7 ||   232
 Fire: Hand crossbow     |    45 |     4 |    38 |       ||    87
 Abil: Heal Wounds       |       |     9 |    27 |       ||    36
  Use: Scroll            |       |     4 |     6 |       ||    10
       Potion            |       |       |     6 |       ||     6
 Stab: Sleeping          |       |     2 |     8 |       ||    10
  Eat: Ration            |       |     1 |     2 |       ||     3
       Chunk             |       |       |     5 |       ||     5
Armor: Leather armour    |    17 |    35 |    54 |       ||   106
Dodge: Dodged            |    39 |   152 |   527 |     5 ||   723
